 Dungeon Crawl Stone Soup version 0.29-a0-330-g52719c12eb (webtiles) character file.

Game seed: 16069550852958361877

257 Gwenloh the Cudgeller (level 6, 0/53 HPs)
             Began as a Gnoll Cinder Acolyte on May 23, 2022.
             Was a High Priest of Ignis.
             Slain by a black bear (4 damage)
             ... on level 4 of the Dungeon.
             The game lasted 00:06:31 (3018 turns).

Gwenloh the Cudgeller (Gnoll Cinder Acolyte)        Turns: 3018, Time: 00:06:33

Health: 0/53       AC:  3    Str: 14    XL:     6   Next: 16%
Magic:  2/11       EV: 11    Int: 15    God:    Ignis [*****.]
Gold:   223        SH:  0    Dex:  7    Spells: 9/11 levels left

rFire   + . .      SeeInvis .   a - -1 mace (flame)
rCold   . . .      Faith    .   (no shield)
rNeg    . . .      Spirit   .   b - +0 robe
rPois   .          Reflect  .   (no helmet)
rElec   .          Harm     .   (no cloak)
rCorr   .          Rampage  .   k - +0 pair of gloves
Will    +....                   (no boots)
Stlth   +.........              (no amulet)
HPRegen 0.17/turn               i - ring of willpower
MPRegen 0.12/turn               (no ring)

@: very slightly contaminated
A: fangs 1, strong nose, distributed training
a: Renounce Religion, Fiery Armour, Foxfire Swarm, Rising Flame


You were on level 4 of the Dungeon.
You worshipped Ignis.
Ignis was extremely pleased with you.
You visited 1 branch of the dungeon, and saw 4 of its levels.

You collected 223 gold pieces.

Inventory:

Hand Weapons
 a - a -1 mace of flaming (weapon)
Missiles
 c - 8 poisoned darts (quivered)
 h - 73 stones
Armour
 b - a +0 robe (worn)
 k - a +0 pair of gloves (worn)
Jewellery
 f - a ring of ice
 i - a ring of willpower (left hand)
 u - an amulet of guardian spirit
 v - an amulet of faith
Scrolls
 e - a scroll of magic mapping {unknown}
 l - a scroll of brand weapon {unknown}
 m - 4 scrolls of fog {unknown}
 n - a scroll of silence {unknown}
 o - a scroll of noise {unknown}
 q - 5 scrolls of identify {unknown}
 r - a scroll of teleportation {unknown}
Potions
 d - 3 potions of degeneration {unknown}
 g - a potion of curing {unknown}
 j - a potion of invisibility {unknown}
 p - 2 potions of heal wounds {unknown}
 s - a potion of flight {unknown}
 t - a potion of magic {unknown}


   Skills:
 + Level 6.8 Fighting
 + Level 1.8 Short Blades
 + Level 1.8 Long Blades
 + Level 1.8 Axes
 + Level 6.8 Maces & Flails
 + Level 1.8 Polearms
 + Level 1.8 Staves
 + Level 1.8 Slings
 + Level 1.8 Bows
 + Level 1.8 Crossbows
 + Level 1.8 Throwing
 + Level 1.8 Armour
 + Level 1.8 Dodging
 + Level 1.8 Stealth
 + Level 1.8 Shields
 + Level 1.8 Unarmed Combat
 + Level 3.3 Spellcasting
 + Level 1.4 Conjurations
 + Level 1.4 Hexes
 + Level 1.4 Summonings
 + Level 1.4 Necromancy
 + Level 1.4 Translocations
 + Level 1.4 Transmutations
 + Level 5.6 Fire Magic
 + Level 1.4 Ice Magic
 + Level 1.4 Air Magic
 + Level 1.4 Earth Magic
 + Level 1.4 Poison Magic
 + Level 2.0 Invocations
 + Level 1.8 Evocations


You had 9 spell levels left.
You knew the following spells:

 Your Spells              Type           Power      Damage    Failure   Level
a - Scorch                Fire           38%        2d6       3%          2

Your spell library contained the following spells:

 Spells                   Type           Power      Damage    Failure   Level
 Sandblast                Erth           12%        2d6       11%         1
 Corpse Rot               Necr/Air       12%        N/A       16%         2
 Passwall                 Tmut/Erth      5%         N/A       16%         2
 Poisonous Vapours        Pois/Air       12%        N/A       16%         2
 Stone Arrow              Conj/Erth      12%        3d7       32%         3


Dungeon Overview and Level Annotations

Branches:
Dungeon (4/15)
 Temple: D:4-7

Altars:

Shops:
D:3 (


Innate Abilities, Weirdness & Mutations

You have very sharp teeth.
Your uncanny sense of smell can sniff out nearby items.
Your experience applies equally to all skills.


Message History

You are very lightly contaminated with residual magic.
Nothing appears to happen.
The black bear bites you. The black bear barely misses you.
The black bear claws you.
Casting: Scorch (safe; 3% risk of failure)
Confirm with . or Enter, or press ? or * to list all spells.
Flames lash the black bear.
The black bear is burned terribly!
The black bear is almost dead.
The black bear bites you. The black bear completely misses you.
The black bear claws you.
Casting: Scorch (safe; 3% risk of failure)
Confirm with . or Enter, or press ? or * to list all spells.
Flames lash the black bear.
The black bear is almost dead.
The black bear bites you but does no damage.
The black bear closely misses you. The black bear claws you.
Casting: Scorch (safe; 3% risk of failure)
Confirm with . or Enter, or press ? or * to list all spells.
You don't have enough magic to cast this spell.
You hit the black bear but do no damage.
You bite the black bear.
The black bear is almost dead.
The black bear goes berserk!
The black bear bites you but does no damage.
The black bear claws you. x2
You hit the black bear. You burn the black bear.
The black bear is almost dead.
The black bear bites you!
The black bear claws you but does no damage.
The black bear claws you.
Casting: Scorch (safe; 3% risk of failure)
Confirm with . or Enter, or press ? or * to list all spells.
You don't have enough magic to cast this spell.
You closely miss the black bear.
The black bear is almost dead.
The black bear bites you.
The black bear claws you but does no damage.
The black bear claws you. The black bear bites you!
* * * LOW HITPOINT WARNING * * *
The black bear barely misses you. The black bear claws you.
You die...

#.# #.# #.# #.#
#.# ##.# #..# #h##
#@# . ##########.#
..#####.....[....#
.....##..........#
#<............#
#<..†.........#
####..........#
#..........#
#...##....###


You could see a black bear (berserk, combustible).

Vanquished Creatures
  A water moccasin (D:3)
  Terence (D:2)
  Jessica (D:2)
  5 adders
  A worm (D:2)
  3 orcs (D:3)
  4 endoplasms
  3 hobgoblins
  6 jackals
  5 kobolds
  6 ball pythons
  4 bats
  8 frilled lizards
  9 goblins
  2 rats (D:1)
59 creatures vanquished.

Vanquished Creatures (others)
  3 fungi (D:3)
  2 plants (D:3)
5 creatures vanquished.

Grand Total: 64 creatures vanquished

Notes
Turn   | Place    | Note
-------+----------+-------------------------------------------
     0 | D:1      | Gwenloh the Gnoll Cinder Acolyte began the quest for the
                  | Orb.
     0 | D:1      | Reached XP level 1. HP: 23/23 MP: 4/4
   165 | D:1      | Reached XP level 2. HP: 29/29 MP: 5/5
   217 | D:1      | Learned a level 2 spell: Scorch
   610 | D:1      | Reached XP level 3. HP: 35/35 MP: 4/7
  1164 | D:2      | Noticed Terence
  1172 | D:2      | Killed Terence
  1173 | D:2      | Reached skill level 1 in Short Blades
  1173 | D:2      | Reached skill level 1 in Long Blades
  1173 | D:2      | Reached skill level 1 in Axes
  1173 | D:2      | Reached skill level 1 in Polearms
  1173 | D:2      | Reached skill level 1 in Staves
  1173 | D:2      | Reached skill level 1 in Slings
  1173 | D:2      | Reached skill level 1 in Bows
  1173 | D:2      | Reached skill level 1 in Crossbows
  1173 | D:2      | Reached skill level 1 in Throwing
  1173 | D:2      | Reached skill level 1 in Armour
  1173 | D:2      | Reached skill level 1 in Dodging
  1173 | D:2      | Reached skill level 1 in Stealth
  1173 | D:2      | Reached skill level 1 in Shields
  1173 | D:2      | Reached skill level 1 in Unarmed Combat
  1173 | D:2      | Reached skill level 1 in Invocations
  1173 | D:2      | Reached skill level 1 in Evocations
  1176 | D:2      | Reached XP level 4. HP: 36/41 MP: 1/8
  1685 | D:2      | Noticed Jessica
  1692 | D:2      | Killed Jessica
  1693 | D:2      | Reached skill level 1 in Conjurations
  1693 | D:2      | Reached skill level 1 in Hexes
  1693 | D:2      | Reached skill level 1 in Summonings
  1693 | D:2      | Reached skill level 1 in Necromancy
  1693 | D:2      | Reached skill level 1 in Translocations
  1693 | D:2      | Reached skill level 1 in Transmutations
  1693 | D:2      | Reached skill level 1 in Ice Magic
  1693 | D:2      | Reached skill level 1 in Air Magic
  1693 | D:2      | Reached skill level 1 in Earth Magic
  1693 | D:2      | Reached skill level 1 in Poison Magic
  1747 | D:2      | Reached XP level 5. HP: 47/47 MP: 4/9
  2065 | D:3      | Noticed a water moccasin
  2078 | D:3      | Killed a water moccasin
  2079 | D:3      | Reached XP level 6. HP: 21/53 MP: 3/10
  2588 | D:3      | Found Cejeoriorch's Weapon Boutique.
  2728 | D:3      | Found a faded altar of an unknown god.
  3002 | D:4      | Noticed a black bear
  3018 | D:4      | Slain by a black bear

Illustrated notes

Levels and vault maps discovered:
D:1:      minmay_arrival_arboretum_small, layout_basic, minivault_4,
          chequers_serial_rivers_micro_a
D:2:      layout_basic, uniq_terence, uniq_jessica
D:3:      layout_rooms, shapermc_ecumenical_altar_mp_urbaneastern, serial_shops,
          shop_fountains, interstate_on_off
D:4:      layout_rooms

Skill      XL: |  1  2  3  4  5  6 |
---------------+-------------------+-----
Short Blades   | 1 |  1.8
Long Blades    | 1 |  1.8
Axes           | 1 |  1.8
Polearms       | 1 |  1.8
Staves         | 1 |  1.8
Slings         | 1 |  1.8
Bows           | 1 |  1.8
Crossbows      | 1 |  1.8
Throwing       | 1 |  1.8
Armour         | 1 |  1.8
Dodging        | 1 |  1.8
Stealth        | 1 |  1.8
Shields        | 1 |  1.8
Unarmed Combat | 1 |  1.8
Invocations    | 1 2 |  2.0
Evocations     | 1 |  1.8
Spellcasting   | 3 |  3.3
Conjurations   | 1 |  1.4
Hexes          | 1 |  1.4
Summonings     | 1 |  1.4
Necromancy     | 1 |  1.4
Translocations | 1 |  1.4
Transmutations | 1 |  1.4
Ice Magic      | 1 |  1.4
Air Magic      | 1 |  1.4
Earth Magic    | 1 |  1.4
Poison Magic   | 1 |  1.4
Fighting       | |  6.8
Maces & Flails | |  6.8
Fire Magic     | |  5.6

Action                   |  1- 3 |  4- 6 || total
-------------------------+-------+-------++-------
Melee: Mace              |    32 |     6 ||    38
       Bite              |     1 |     1 ||     2
Throw: Dart              |    22 |    17 ||    39
 Cast: Scorch            |    13 |    41 ||    54
Invok: Fiery Armour      |     1 |       ||     1
Armor: Robe              |    14 |    11 ||    25
Dodge: Dodged            |    14 |    15 ||    29

Table legend: (Time is in decaauts)
 A = Elapsed time spent in this place.
 B = Non-inter-level travel time spent in this place.
 C = Inter-level travel time spent in this place.
 D = Time resting spent in this place.
 E = Time spent auto-exploring this place.
 F = Levels seen in this place.
 G = Mean time per level.
                   A        B        C        D        E       F      G
               +--------+--------+--------+--------+--------+-----+--------+
         Total |   3021 |   2965 |     56 |    208 |   2361 |   4 |  755.2 |
       Dungeon |   3021 |   2965 |     56 |    208 |   2361 |   4 |  755.2 |
               +--------+--------+--------+--------+--------+-----+--------+

Top non-repeatable levels by time:
     D:1: 1125 daAuts
     D:2: 1104 daAuts
     D:3: 684 daAuts
     D:4: 106 daAuts
